 Dungeon Crawl Stone Soup version 0.30-b1-2-g02819fbbbe (webtiles) character file.

Game seed: 7640788556536590895

604354 suse60 the Slayer (level 27, -6/195 HPs)
             Began as a Gargoyle Fighter on July 25, 2023.
             Was the Champion of the Shining One.
             Mangled by a death scarab (16 damage)
             ... on level 3 of the Tomb of the Ancients on Aug 12, 2023.
             The game lasted 07:35:44 (51379 turns).

suse60 the Slayer (Gargoyle Fighter)               Turns: 51379, Time: 07:35:45

Health: -6/195     AC: 73    Str: 33      XL:     27
Magic:  28/28      EV:  2    Int: 16 (21) God:    the Shining One [******]
Gold:   7573       SH:  0    Dex:  0 (7)  Spells: 26/26 levels left

rFire   x . .        n - +6 broad axe (holy)
rCold   . . .        U - +8 tower shield "Eho Ynoi" {rN+}
rNeg    + + +        Y - +9 crystal plate armour
rPois   ∞            r - +2 helmet
rElec   +            h - scarf {repulsion}
rCorr   .            H - +3 pair of gloves of the Moon {rF- Will+ Str+2 Int+3}
SInv    .            D - +5 pair of boots of Uddav {rN++}
Will    +++..        I - amulet of regeneration Stlth
                     e - +5 ring of evasion
HPRegen 1.32/turn    c - ring of the Tortoise {AC+8}
MPRegen 0.21/turn

%: repel missiles
@: marked, flying, slowed, lost dexterity, glowing, studying 3 skills, very slow
A: sickness immunity, AC +20, big wings, negative energy resistance 1,
electricity resistance, torment resistance 1, petrification resistance, clever
2, deformed body, low MP 1, evolution 1, MP-powered wands
}: 4/15 runes: decaying, slimy, silver, gossamer
a: Renounce Religion, Divine Shield, Cleansing Flame, Summon Divine Warrior


You were on level 3 of the Tomb of the Ancients.
You worshipped the Shining One.
The Shining One was exalted by your worship.
You visited 11 branches of the dungeon, and saw 50 of its levels.
You visited the Abyss 1 time.
You also visited: Sewer, Gauntlet, Ice Cave and Desolation.

You collected 8814 gold pieces.
You spent 1241 gold pieces at shops.

Inventory:

Hand Weapons
 n - a +6 broad axe of holy wrath (weapon)
Armour
 h - a scarf of repulsion (worn)
 r - a +2 helmet (worn)
 D - the +5 pair of boots of Uddav (worn) {rN++}
   (You found it on level 11 of the Dungeon)

   rN:        It greatly protects you from negative energy.
 H - the +3 pair of gloves of the Moon (worn) {rF- Will+ Str+2 Int+3}
   (You found it in a Gauntlet)

   Str:       It affects your strength (+2).
   Int:       It affects your intelligence (+3).
   rF:        It makes you vulnerable to fire.
   Will:      It increases your willpower.
 U - the +8 tower shield "Eho Ynoi" (worn) {rN+}
   (You took it off Louise on level 15 of the Dungeon)

   rN:        It protects you from negative energy.
 Y - a +9 crystal plate armour (worn)
Jewellery
 c - the ring of the Tortoise (right hand) {AC+8}
   (You found it on level 5 of the Pits of Slime)

   [ring of protection]

   AC:        It affects your AC (+8).
 e - a +5 ring of evasion (left hand)
 I - an amulet of regeneration (around neck)
Wands
 b - a wand of quicksilver (21)
 i - a wand of digging (10)
 j - a wand of mindburst (34)
 t - a wand of roots (66)
Scrolls
 d - 16 scrolls of teleportation
 q - 7 scrolls of fog
 u - 6 scrolls of poison
 y - 7 scrolls of magic mapping
 A - 5 scrolls of summoning
 J - 7 scrolls of fear
Potions
 a - 4 potions of mutation
 g - 10 potions of heal wounds
 k - 12 potions of haste
 m - a potion of magic
 p - 5 potions of cancellation
 v - 8 potions of ambrosia
 x - 26 potions of curing
 M - 8 potions of might
 R - 2 potions of resistance
Miscellaneous
 f - a lightning rod (4/4)
 C - a phial of floods
 Q - a piece from Xom's chessboard (15/15)


   Skills:
 + Level 25.7 Fighting
 + Level 20.1(22.8) Axes
 - Level 20.1(23.8) Maces & Flails
 - Level 20.0 Armour
 - Level 11.1 Dodging
 - Level 15.0 Shields
 - Level 12.2 Invocations
 + Level 10.1 Evocations


You had 26 spell levels left.
You didn't know any spells.
Your spell library contained the following spells:

 Spells                   Type           Power      Damage    Failure   Level
 Apportation              Tloc           0%         N/A       99%         1
 Beastly Appendage        Tmut           0%         N/A       99%         1
 Foxfire                  Conj/Fire      0%         2x1d4     99%         1
 Kiss of Death            Conj/Necr      0%         2d5       99%         1
 Magic Dart               Conj           0%         1d3       99%         1
 Shock                    Conj/Air       0%         1d3       99%         1
 Sting                    Tmut/Pois      0%         1d3       99%         1
 Summon Small Mammal      Summ           0%         N/A       99%         1
 Call Imp                 Summ           0%         N/A       99%         2
 Lesser Beckoning         Tloc           0%         N/A       99%         2
 Poisonous Vapours        Pois/Air       0%         N/A       99%         2
 Scorch                   Fire           0%         2d5       99%         2
 Searing Ray              Conj           0%         2d4       99%         2
 Wereblood                Tmut           0%         N/A       99%         2
 Call Canine Familiar     Summ           0%         N/A       100%        3
 Confusing Touch          Hex            0%         N/A       100%        3
 Gell's Gravitas          Tloc           0%         N/A       100%        3
 Ignite Poison            Fire/Tmut/Pois 0%         N/A       100%        3
 Inner Flame              Hex/Fire       0%         N/A       100%        3
 Mephitic Cloud           Conj/Pois/Air  0%         N/A       100%        3
 Ozocubu's Armour         Ice            0%         N/A       100%        3
 Portal Projectile        Hex/Tloc       0%         N/A       100%        3
 Spider Form              Tmut/Pois      0%         N/A       100%        3
 Summon Guardian Golem    Hex/Summ       0%         N/A       100%        3
 Swiftness                Air            0%         N/A       100%        3
 Teleport Other           Tloc           0%         N/A       100%        3
 Tukima's Dance           Hex            0%         N/A       100%        3
 Vhi's Electric Charge    Tloc/Air       0%         N/A       100%        3
 Airstrike                Air            0%         2d(0-16)  100%        4
 Animate Armour           Summ/Erth      0%         N/A       100%        4
 Cause Fear               Hex            0%         N/A       100%        4
 Dispel Undead            Necr           0%         3d6       100%        4
 Flame Wave               Conj/Fire      0%         2d4       100%        4
 Fulminant Prism          Conj/Hex       0%         3d5       100%        4
 Leda's Liquefaction      Hex/Erth       0%         N/A       100%        4
 Manifold Assault         Tloc           0%         N/A       100%        4
 Olgreb's Toxic Radiance  Pois           0%         N/A       100%        4
 Passage of Golubria      Tloc           0%         N/A       100%        4
 Petrify                  Tmut/Erth      0%         N/A       100%        4
 Sticky Flame             Conj/Fire      0%         2d3       100%        4
 Alistair's Intoxication  Tmut/Pois      0%         N/A       100%        5
 Arcjolt                  Conj/Air       0%         1d10      100%        5
 Blade Hands              Tmut           0%         N/A       100%        5
 Freezing Cloud           Conj/Ice/Air   0%         6-21      100%        5
 Irradiate                Conj/Tmut      0%         3d11      100%        5
 Metabolic Englaciation   Hex/Ice        0%         N/A       100%        5
 Silence                  Hex/Air        0%         N/A       100%        5
 Summon Forest            Summ/Tloc      0%         N/A       100%        5
 Summon Mana Viper        Hex/Summ       0%         N/A       100%        5
 Yara's Violent Unravell  Hex/Tmut       0%         3d3       100%        5
 Conjure Ball Lightning   Conj/Air       0%         3x3d6     100%        6
 Dispersal                Tloc           0%         N/A       100%        6
 Eringya's Noxious Bog    Tmut/Pois      0%         N/A       100%        6
 Iron Shot                Conj/Erth      0%         9d1       100%        6
 Simulacrum               Ice/Necr       0%         N/A       100%        6
 Summon Cactus Giant      Summ           0%         N/A       100%        6
 Dragon Form              Tmut           0%         N/A       100%        7
 Enfeeble                 Hex            0%         N/A       100%        7
 Ozocubu's Refrigeration  Ice            0%         4d7       100%        7
 Summon Hydra             Summ           0%         N/A       100%        7
 Discord                  Hex            0%         N/A       100%        8
 Disjunction              Tloc           0%         N/A       100%        8
 Lehudib's Crystal Spear  Conj/Erth      0%         10d2      100%        8
 Maxwell's Capacitive Co  Air            0%         ∞         100%        8
 Chain Lightning          Conj/Air       0%         N/A       100%        9
 Dragon's Call            Summ           0%         N/A       100%        9
 Fire Storm               Conj/Fire      0%         5d1       100%        9
 Polar Vortex             Ice            0%         N/A       100%        9
 Shatter                  Erth           0%         3d5*      100%        9
 Cigotuvi's Dreadful Rot  Necr/Pois/Air  Unusable   N/A       N/A         2
 Statue Form              Tmut/Erth      Unusable   N/A       N/A         6

Dungeon Overview and Level Annotations

Branches:
Dungeon (15/15)            Temple (1/1) D:5            Lair (5/5) D:10
  Swamp (4/4) Lair:2       Spider (4/4) Lair:3        Slime (5/5) Lair:5
    Orc (2/2) D:12            Elf (3/3) Orc:2        Vaults (5/5) D:13
  Crypt (3/3) Vaults:3       Tomb (3/3) Crypt:3      Depths (0/4) D:15
  Sewer (visited)           IceCv (visited)         Desolation (visited)
Gauntlet (visited)

Altars:
Cheibriados
Elyvilon
Kikubaaqudgha
Makhleb
Nemelex Xobeh
Okawaru
Sif Muna
Trog
Uskayaw
Vehumet
Yredelemnul
Zin
The Shining One
Jiyva

Shops:
D:3 ?   D:7 ?   D:12 =   Orc:2 ?(([   Elf:2 *   Elf:3 ([[   Vaults:4 :
Vaults:5 :

Annotations:
D:7 exclusion: obsidian statue


Innate Abilities, Weirdness & Mutations

You are immune to sickness and miasma.
Your stone body is resilient. (AC +20)
You are immune to poison.
Your large and strong wings let you fly.
You resist negative energy. (rN+)
You are resistant to electric shocks. (rElec)
You are resistant to unholy torment.
You are immune to petrification.
Your mind is very acute. (Int +8, Str/Dex -2)
Armour fits poorly on your strangely shaped body.
Your magical capacity is low. (-10% MP)
You have hidden genetic potential.
You expend magic power (3 MP) to strengthen your wands.


Message History

The emperor scorpion stings you but does no damage.
The emperor scorpion claws you but does no damage. x2
A death scarab comes into view.
The emperor scorpion stings you.
* * * LOW HITPOINT WARNING * * *
The emperor scorpion claws you.
* * * LOW HITPOINT WARNING * * *
The emperor scorpion claws you but does no damage.
The death scarab enters a dispersal trap!
The death scarab blinks! x4; The emperor scorpion blinks!
The emperor scorpion stings you!
* * * LOW HITPOINT WARNING * * *
The emperor scorpion barely misses you.
The emperor scorpion claws you but does no damage.
The death scarab bites you!
* * * LOW HITPOINT WARNING * * *
The death scarab moves out of view.
The mummy priest attacks as you move away!
The mummy priest hits you but does no damage.
A death scarab comes into view.
The death scarab bites you but does no damage. x2
A death scarab comes into view.
The emperor scorpion barely misses you.
The emperor scorpion claws you but does no damage. x2
The death scarab bites you but does no damage.
The emperor scorpion stings you but does no damage.
The emperor scorpion claws you but does no damage.
The emperor scorpion claws you.
* * * LOW HITPOINT WARNING * * *
The death scarab moves out of view.
A death scarab comes into view.
Found 136 gold pieces.
A death scarab comes into view.
The death scarab bites you.
* * * LOW HITPOINT WARNING * * *
The death scarab drains your vigour!
You feel as though you will be slow longer.
The death scarab bites you but does no damage. x3
The death scarab bites you!
You die...

,,,..########§§.§§§...###B..#
,,,........§.B†...B.§##*....#
,,,.........§§..§B.B##*B...##
,,,.......BBBB.....§#^B...##
*,,.^....B...B..B####'#####
#,,.......B§....§##..B.#**
##,.............##.B...$,**
$##....^^.M....##B......,,*
^<##.......§§.##@BB.....,,**
.[.##.....M..##B.BB.s...,,,*
....##....M.##ssBM....$$,,,*
.†..##.....M##Ms....$.$$,,,*
..bs.#......#.BM...$$$$$,,,*
...M.#...!..#M.....!$$$$,,,*
(..M.'.††^..BB...$$$$$$$,,**
....M#s(..MM#.....:$$$$$,**
.....#B$$..B#.^..$$$$$$,**


You could see 4 emperor scorpions, a mummy priest, 4 guardian mummies and 14
death scarabs.

Vanquished Creatures
  the Royal Jelly (Slime:5)
  2 dread liches
  4 ancient liches
  The ghost of Vatovie the Slayer, a veteran MiFi of Makhleb (Vaults:3)
  7 royal mummies
  Frederick (Vaults:3)
  Margery (Crypt:2)
  A curse toe (Crypt:3)
  Rupert (D:15)
  A tentacled monstrosity (Abyss:2)
  A deep elf master archer (Elf:3)
  7 liches
  3 titans
  20 acid blobs
  17 sphinxes
  10 ancient champions
  A tentacled starspawn (Abyss:2)
  Gastronok (Lair:3)
  Agnes (D:15)
  Kirke (D:15)
  10 shadow dragons
  Donald (Vaults:3)
  A thorn hunter (Swamp:4)
  3 tengu reavers
  9 azure jellies
  5 storm dragons (Vaults:5)
  11 rockslimes
  A fenstrider witch (Swamp:3)
  7 revenants
  Roxanne (Swamp:1)
  The ghost of FoCKShaftsOnD1 the Geomancer, a journeyman MeEE of Cheibriados (Spider:3)
  11 deep elf sorcerers
  19 vault wardens
  5 emperor scorpions
  4 fire giants
  An imperial myrmidon (Desolation)
  A balrug (Abyss:2)
  4 ghost moths
  A caustic shrike zombie (Crypt:2)
  5 deep elf elementalists (Elf:3)
  3 broodmothers
  4 curse skulls (Crypt:3)
  6 vampire knights
  8 quicksilver oozes
  6 stone giants
  2 caustic shrike skeletons (Crypt:3)
  8 war gargoyles
  7 ghouls
  20 ironbound preservers
  6 orc warlords
  9 ironbound thunderhulks
  A reaper (IceCv)
  4 very ugly things
  9 deep elf demonologists
  6 eleionomae
  18 dire elephants
  A minotaur (Lair:5)
  8 bennus
  3 spark wasps
  10 deep elf annihilators
  5 bunyips
  8 deep elf death magi
  3 eidola
  3 ettins (Vaults:5)
  3 crystal guardians
  A shambling mangrove (Swamp:4)
  A green death (Abyss:2)
  12 jiangshi
  9 deep elf high priests
  7 entropy weavers
  18 mummy priests
  20 yaktaur captains
  2 fire dragons (Elf:1)
  11 great orbs of eyes
  The ghost of FoCKShaftsOnD1 the Convoker, a journeyman MeEE of Cheibriados (Lair:5)
  A servant of whispers (Desolation)
  A rakshasa (Abyss:2)
  2 ragged hierophants (Desolation)
  A quicksilver dragon skeleton (Vaults:3)
  9 peacekeepers
  18 hydras
  5 jorogumos
  3 ghost crabs
  28 vault guards
  An anaconda (shapeshifter) (Vaults:5)
  4 catoblepae
  3 ogre magi
  A death knight (Crypt:2)
  2 radroaches (Spider:2)
  21 centaur warriors
  23 dancing weapons
  9 starcursed masses (Abyss:2)
  6 alligators
  7 ironbound frosthearts
  2 spriggan skeletons (Crypt:2)
  6 death yaks
  12 boulder beetles
  An azure jelly zombie (Crypt:1)
  21 death scarabs
  A deep troll shaman (Crypt:2)
  2 orc high priests (Elf:1)
  Urug (Lair:5)
  2 tengu warriors (D:14)
  A bennu skeleton (Crypt:2)
  A soul eater (Crypt:2)
  4 sun demons (Abyss:2)
  A thrashing horror (Abyss:2)
  6 vampire magi
  19 deep elf knights
  4 hell knights (Crypt:2)
  A wretched star (Abyss:2)
  5 pharaoh ants
  2 shadow wraiths
  54 skeletal warriors
  A sea snake (D:12)
  3 skysharks
  A bunyip zombie (Tomb:1)
  A sixfirhy (Abyss:2)
  6 flayed ghosts
  A titan skeleton (Crypt:3)
  3 goliath frogs
  A spark wasp zombie (Crypt:3)
  2 glowing orange brains
  A spriggan druid (Swamp:2)
  A spatial maelstrom (Abyss:2)
  A glowing orange brain (shapeshifter) (Vaults:4)
  9 orb spiders
  13 swamp dragons
  An orange crystal statue (D:11)
  2 shadow demons (Elf:1)
  9 lindwurms
  36 deep trolls
  10 phantasmal warriors
  9 bog bodies
  A tengu zombie (Tomb:2)
  4 steelbarb worms
  6 harpies
  3 spectral wolf spiders (Spider:3)
  21 deep elf archers
  11 wizards
  Pikel (D:7)
  An anaconda skeleton (Crypt:2)
  31 deep elf pyromancers
  A tengu skeleton (Vaults:3)
  11 ironbound convokers
  9 necromancers
  16 wolf spiders
  15 orc knights
  20 deep elf zephyrmancers
  2 stone giant zombies
  A salamander (shapeshifter) (Elf:2)
  6 manticores
  2 orc sorcerers
  26 ugly things
  5 cyclopes
  7 shining eyes
  6 will-o-the-wisps
  A jorogumo skeleton (Crypt:1)
  10 elephants
  21 vault sentinels
  8 centaur zombies
  A guardian serpent (Desolation)
  4 large abominations (Abyss:2)
  2 stone giant skeletons (Vaults:3)
  A guardian serpent (shapeshifter) (D:14)
  2 moths of wrath
  2 ice statues (IceCv)
  A frost giant skeleton (Vaults:3)
  6 black mambas
  12 demonic crawlers
  3 torpor snails
  Joseph (D:8)
  10 cane toads
  5 gargoyles
  2 centaur skeletons (Crypt:2)
  5 eyes of devastation
  A smoke demon (Abyss:2)
  An emperor scorpion simulacrum (Spider:3)
  A swamp worm zombie (Crypt:3)
  A hellion (Abyss:2)
  An unseen horror (D:13)
  Psyche (D:12)
  A white draconian zombie (Crypt:1)
  2 dire elephant skeletons
  7 rime drakes
  2 kobold demonologists (Elf:1)
  An alligator snapping turtle skeleton (Tomb:1)
  35 yaktaurs
  4 anaconda simulacra (IceCv)
  7 freezing wraiths
  A ghost moth simulacrum (Spider:3)
  5 spriggan zombies
  6 komodo dragons
  A green draconian skeleton (Crypt:2)
  6 ice devils
  5 trolls
  An elf skeleton (Vaults:3)
  37 guardian mummies
  4 spectral deep trolls (Crypt:2)
  3 tengu conjurers
  A pale draconian skeleton (Crypt:2)
  A wind drake (shapeshifter) (Vaults:4)
  2 merfolk (shapeshifter) (Vaults:4)
  An ancient zyme (Abyss:2)
  A polar bear (shapeshifter) (Elf:2)
  4 hydra skeletons
  2 polar bears
  2 yaktaur skeletons (Vaults:3)
  16 tarantellas
  A wolf spider simulacrum (Spider:3)
  5 tyrant leeches
  13 hornets
  A tyrant leech (shapeshifter) (Vaults:5)
  17 dream sheep (Lair:5)
  12 saltlings
  A blink frog (shapeshifter) (Elf:3)
  A great orb of eyes zombie (Crypt:1)
  A harpy skeleton (Crypt:2)
  Grinder (D:4)
  5 blink frogs (Lair:2)
  An ettin zombie (D:15)
  A fire dragon zombie (Tomb:1)
  29 jumping spiders
  25 flying skulls
  3 water elementals
  98 slime creatures
  53 yaks
  A fire giant simulacrum (Vaults:3)
  A ynoxinul (Abyss:2)
  2 air elementals
  6 wyverns
  4 shadows
  2 centaur simulacra
  7 spriggans
  A dire elephant simulacrum (IceCv)
  4 basilisks
  5 wraiths
  10 ushabtiu
  7 fire elementals
  21 golden eyes
  18 culicivoras
  A golden eye (shapeshifter) (Vaults:5)
  2 hogs (D:15)
  A neqoxec (Abyss:2)
  A spatial vortex (Abyss:2)
  62 redbacks
  A steam dragon (D:9)
  27 vampire mosquitoes
  A spectral entropy weaver (Spider:3)
  A chaos spawn (Abyss:2)
  A skyshark zombie (Crypt:3)
  A harpy simulacrum (IceCv)
  2 wargs
  2 two-headed ogre zombies
  A glowing shapeshifter zombie (Vaults:3)
  A naga zombie (Crypt:2)
  A death yak simulacrum (IceCv)
  14 swamp worms
  4 hydra simulacra (IceCv)
  11 water moccasins
  A cane toad zombie (Crypt:2)
  4 acid dragons
  A sky beast (D:5)
  A glowing shapeshifter skeleton (Vaults:3)
  A swamp dragon zombie (Tomb:2)
  27 orc warriors
  2 ice beasts
  3 black bears
  8 swamp drakes
  9 ogres
  6 boggarts
  A dream sheep skeleton (Crypt:2)
  13 centaurs
  27 wolves
  A swamp dragon skeleton (Crypt:1)
  2 phantoms
  6 human skeletons
  2 lemures (D:7)
  8 kobold brigands
  A hog skeleton (Crypt:1)
  11 bullfrogs
  5 necrophages
  A fire crab zombie (Crypt:3)
  3 earth elementals
  2 scorpions
  A wyvern zombie (Crypt:2)
  12 wights
  A warg skeleton (Crypt:3)
  2 troll zombies (D:12)
  11 killer bees
  An elephant simulacrum (IceCv)
  7 electric eels
  5 howler monkeys
  A yak skeleton (Crypt:1)
  A small abomination (Abyss:2)
  A quasit (Abyss:2)
  3 hounds (D:5)
  3 human zombies
  26 orc priests
  An iron imp (Abyss:2)
  32 orc wizards
  2 sleepcaps
  2 iguanas
  Terence (D:3)
  4 ogre zombies (D:12)
  An ogre skeleton (Crypt:2)
  23 mummies
  8 gnolls
  18 adders
  A steam dragon zombie (Crypt:3)
  4 river rats
  2 shadow imps (Gauntlet)
  5 white imps
  5 ufetubi
  4 worms
  A dart slug (D:3)
  105 orcs
  13 ball pythons
  A bat skeleton (Crypt:1)
  10 endoplasms
  A giant cockroach (D:2)
  4 hobgoblins
  10 jackals
  30 kobolds
  4 quokkas
  5 bats
  9 frilled lizards
  A frilled lizard skeleton (Crypt:2)
  13 goblins
  6 goblin skeletons
  A goblin zombie (D:12)
  A hobgoblin skeleton (D:12)
  A hobgoblin zombie (D:12)
  2 orc skeletons (D:12)
  9 orc zombies (D:12)
  11 rats
  A spectral weapon (Elf:3)
  A starspawn tentacle (Abyss:2)
2361 creatures vanquished.

Vanquished Creatures (collateral kills)
  An ancient lich (Vaults:3)
  A lich (Vaults:3)
  An acid blob (Slime:5)
  An emperor scorpion (Spider:4)
  A vault warden (Vaults:5)
  Louise (D:15)
  A very ugly thing (Vaults:3)
  3 ironbound preservers
  An ironbound thunderhulk (Vaults:3)
  A bunyip (Swamp:4)
  A minotaur (Gauntlet)
  A blizzard demon (Gauntlet)
  A hydra (D:15)
  4 vault guards (Vaults:5)
  2 centaur warriors
  2 deep trolls
  2 glowing orange brains (Gauntlet)
  A phantasmal warrior (D:15)
  2 ironbound convokers
  An ugly thing (Gauntlet)
  A vault sentinel (Vaults:4)
  A tarantella (Spider:3)
  3 jumping spiders (Spider:3)
  A redback (Spider:3)
  A white imp (Gauntlet)
36 creatures vanquished.

Vanquished Creatures (others)
  A sphinx (Crypt:1)
  A rockslime (Slime:5)
  A thrashing horror (Abyss:2)
  A goliath frog (Swamp:4)
  An orb spider (Spider:4)
  A deep elf pyromancer (Elf:1)
  2 deep elf zephyrmancers
  2 bloated husks
  A tyrant leech (Swamp:2)
  A slime creature (Slime:1)
  A jumping spider (Spider:3)
  A golden eye (Slime:4)
  A redback (Spider:3)
  An orc warrior (Orc:2)
  A boggart (Vaults:2)
  A kobold brigand (D:10)
  An electric eel (D:13)
  An orc (Elf:1)
  A kobold (D:7)
  6 briar patches (Swamp:4)
  12 foxfires
  20 fungi
  29 plants
  73 spectral weapons
  3 starspawn tentacles (Abyss:2)
  15 withered plants
179 creatures vanquished.

Grand Total: 2576 creatures vanquished

Notes
Turn   | Place    | Note
-------+----------+-------------------------------------------
     0 | D:1      | suse60 the Gargoyle Fighter began the quest for the Orb.
     0 | D:1      | Reached XP level 1. HP: 14/14 MP: 1/1
   230 | D:1      | Reached XP level 2. HP: 10/19 MP: 2/2
  1054 | D:2      | Reached XP level 3. HP: 14/24 MP: 3/3
  1058 | D:2      | Reached skill level 4 in Fighting
  1117 | D:2      | Identified the +1 dagger of the Scorpion {elec, *Slow rN+++
                  | Int+3 Dex+3}
  1374 | D:2      | Reached XP level 4. HP: 28/30 MP: 4/4
  1976 | D:3      | Found a glowing golden altar of the Shining One.
  1981 | D:3      | Became a worshipper of the Shining One
  2048 | D:3      | Reached XP level 5. HP: 34/34 MP: 5/5
  2142 | D:3      | Noticed Terence
  2151 | D:3      | Killed Terence
  2152 | D:3      | Reached skill level 5 in Fighting
  2299 | D:3      | Found a glowing drain.
  2308 | Sewer    | Entered a sewer
  2312 | Sewer    | Noticed a kobold brigand
  2358 | Sewer    | Killed a kobold brigand
  2359 | Sewer    | Reached XP level 6. HP: 36/41 MP: 6/6
  2793 | Sewer    | Reached skill level 6 in Fighting
  2793 | Sewer    | Reached skill level 5 in Maces & Flails
  3406 | D:3      | Found Uniunow's Magic Scroll Boutique.
  3410 | D:3      | Bought a scroll of brand weapon for 123 gold pieces
  3575 | D:4      | Reached * piety under the Shining One
  3586 | D:4      | Reached XP level 7. HP: 47/47 MP: 7/7
  3815 | D:4      | Found a snail-covered altar of Cheibriados.
  3942 | D:4      | Noticed Grinder
  3952 | D:4      | Paralysed by Grinder for 3 turns
  3955 | D:4      | Killed Grinder
  3956 | D:4      | Reached skill level 7 in Fighting
  4104 | D:4      | a black bear changed into a human
  4104 | D:4      | Noticed a human
  4112 | D:4      | a human changed into a naga
  4112 | D:4      | Noticed a naga
  4145 | D:4      | a naga changed into a hornet
  4145 | D:4      | Noticed a hornet
  4159 | D:4      | Killed a hornet
  4160 | D:4      | Reached XP level 8. HP: 35/53 MP: 8/8
  4498 | D:5      | Entered Level 5 of the Dungeon
  4553 | D:5      | Found a staircase to the Ecumenical Temple.
  4597 | D:5      | Reached skill level 8 in Fighting
  4830 | Temple   | Entered the Ecumenical Temple
  4843 | D:5      | Noticed Blork the orc
  4845 | D:5      | Blork the orc changed into Blork the swamp drake
  4845 | D:5      | Noticed Blork
  4853 | D:5      | Killed Blork the swamp drake
  4887 | D:5      | Reached skill level 9 in Fighting
  5025 | D:6      | Reached XP level 9. HP: 20/60 MP: 9/9
  5309 | D:6      | Reached ** piety under the Shining One
  5403 | D:6      | Reached skill level 10 in Fighting
  5508 | D:6      | Reached skill level 1 in Invocations
  6005 | D:7      | Noticed Pikel
  6030 | D:7      | Killed Pikel
  6031 | D:7      | Reached skill level 10 in Maces & Flails
  6031 | D:7      | Reached XP level 10. HP: 30/68 MP: 11/13
  6091 | D:7      | Reached skill level 5 in Invocations
  6550 | D:7      | Identified the +1 robe "Dorom" {Regen+}
  6556 | D:7      | Found The Oracle's Delphic Readings.
  6560 | D:7      | Bought a scroll of identify for 22 gold pieces
  6560 | D:7      | Bought a scroll of summoning for 104 gold pieces
  6838 | D:7      | Noticed an obsidian statue
  6840 | D:7      | Noticed an orange demon
  6901 | D:8      | Reached *** piety under the Shining One
  7071 | D:8      | Noticed Joseph
  7088 | D:8      | Killed Joseph
  7089 | D:8      | Reached skill level 1 in Dodging
  7129 | D:8      | Found an iron altar of Okawaru.
  7151 | D:8      | Identified the +0 chain mail of Stoicism {Contam Dex+4
                  | Slay+5}
  7298 | D:8      | Noticed a deep elf pyromancer
  7309 | D:8      | Killed a deep elf pyromancer
  7734 | D:9      | Reached XP level 11. HP: 72/72 MP: 17/17
  7828 | D:9      | Noticed a red ugly thing
  7833 | D:9      | Killed a red ugly thing
  8188 | D:10     | Entered Level 10 of the Dungeon
  8219 | D:10     | Reached skill level 5 in Dodging
  8313 | D:10     | Noticed a death yak
  8314 | D:10     | Found a staircase to the Lair.
  8346 | D:10     | Killed a death yak
  8347 | D:10     | Reached skill level 10 in Invocations
  8468 | D:10     | Found a transporter.
  8469 | D:10     | Found a transporter.
  8474 | D:10     | Found a transporter.
  8475 | D:10     | Found a transporter.
  8579 | D:10     | Noticed a wizard
  8579 | D:10     | Noticed a centaur warrior
  8584 | D:10     | Killed a centaur warrior
  8590 | D:10     | Killed a wizard
  8591 | D:10     | Reached skill level 5 in Armour
  8623 | D:10     | Noticed a cyclops
  8623 | D:10     | Noticed a deep elf pyromancer
  8633 | D:10     | Killed a deep elf pyromancer
  8638 | D:10     | Killed a cyclops
  8643 | D:10     | Noticed an orc knight
  8643 | D:10     | Reached **** piety under the Shining One
  8654 | D:10     | Killed an orc knight
  8990 | D:10     | Reached XP level 12. HP: 77/77 MP: 19/19
  9003 | D:10     | Found a basalt altar of Yredelemnul.
  9282 | D:10     | Noticed an ogre mage
  9301 | D:10     | HP: 1/77 [ogre mage/bolt of magma (19)]
  9303 | D:10     | Killed an ogre mage
  9730 | D:11     | Noticed a boulder beetle
  9742 | D:11     | Killed a boulder beetle
  9761 | D:11     | Found a bloodstained altar of Trog.
  9870 | D:11     | Found a frozen archway.
  9879 | IceCv    | Entered an ice cave
 10076 | IceCv    | Reached ***** piety under the Shining One
 10607 | IceCv    | Noticed a reaper
 10616 | IceCv    | Killed a reaper
 10979 | D:11     | Reached XP level 13. HP: 72/83 MP: 20/20
 11129 | D:11     | Noticed a yaktaur captain
 11136 | D:11     | Noticed a tengu reaver
 11138 | D:11     | Killed a yaktaur captain
 11360 | D:11     | Identified the +5 pair of boots of Uddav {rN++}
 11368 | D:11     | Identified the staff of death "Sunnip Veta" {rPois rF+ rN+
                  | Str-4 SInv}
 11371 | D:11     | Got the Writings on Disgusting Fire
 11374 | D:11     | Got Jistroog's Atlas of Nasty Necromancy
 11390 | D:11     | Reached skill level 11 in Fighting
 11504 | D:11     | Killed a tengu reaver
 12469 | Lair:1   | Entered Level 1 of the Lair of Beasts
 12717 | Lair:1   | Found a gate leading to a gauntlet.
 12727 | Gauntlet | Entered a Gauntlet
 12727 | Gauntlet | Found a transporter.
 12727 | Gauntlet | Found a transporter.
 12729 | Gauntlet | Found a transporter.
 12732 | Gauntlet | Found a transporter.
 12732 | Gauntlet | Found a transporter.
 12733 | Gauntlet | Found a transporter.
 12735 | Gauntlet | Noticed a blizzard demon
 12769 | Gauntlet | Noticed a reaper
 12776 | Gauntlet | Found a transporter.
 12776 | Gauntlet | Found a transporter.
 12791 | Gauntlet | Found a transporter.
 12821 | Gauntlet | Reached ****** piety under the Shining One
 12872 | Gauntlet | Found a transporter.
 12876 | Gauntlet | Found a transporter.
 12886 | Gauntlet | Found a transporter.
 12970 | Gauntlet | Identified the ring of Mezeirch {rElec rPois rC+ Will+
                  | Int-3}
 12988 | Gauntlet | Killed a blizzard demon
 12989 | Gauntlet | Reached skill level 12 in Fighting
 13004 | Gauntlet | Identified the +3 pair of gloves of the Moon {rF- Will+
                  | Str+2 Int+3}
 13033 | Gauntlet | Noticed a minotaur
 13039 | Gauntlet | Killed a minotaur
 13793 | Lair:2   | Reached skill level 13 in Fighting
 13961 | Lair:2   | Found a staircase to the Swamp.
 13969 | Lair:2   | Gained mutation: Your large and strong wings let you fly.
                  | [Gargoyle growth]
 13969 | Lair:2   | Reached XP level 14. HP: 89/94 MP: 21/21
 14693 | Lair:3   | Reached skill level 14 in Fighting
 14711 | Lair:3   | Noticed Gastronok
 14719 | Lair:3   | Killed Gastronok
 14962 | Lair:3   | Found a hole to the Spider Nest.
 16042 | Lair:4   | You are sucked into a shaft and drop 1 floor!
 16042 | Lair:5   | Entered Level 5 of the Lair of Beasts
 16043 | Lair:5   | Noticed Urug
 16366 | Lair:5   | Found a staircase to the Slime Pits.
 16366 | Lair:5   | Found a viscous altar of Jiyva.
 16426 | Lair:5   | Killed Urug
 16452 | Lair:5   | Reached skill level 15 in Fighting
 16479 | Lair:5   | Identified a scroll of acquirement
 16563 | Lair:5   | Reached skill level 15 in Maces & Flails
 16870 | Lair:5   | Reached XP level 15. HP: 103/104 MP: 23/23
 16983 | Lair:5   | Reached skill level 16 in Fighting
 17050 | Lair:5   | Noticed FoCKShaftsOnD1's ghost (journeyman MeEE)
 17072 | Lair:5   | Found a runed translucent gate.
 17072 | Lair:5   | Found a runed translucent gate.
 17072 | Lair:5   | Found a runed translucent gate.
 17557 | Lair:5   | Killed FoCKShaftsOnD1's ghost
 17578 | Lair:5   | Identified the +10 morningstar of Yxzoemux {flame, Will+
                  | rCorr}
 17676 | Swamp:1  | Entered Level 1 of the Swamp
 18042 | D:12     | Found a staircase to the Orcish Mines.
 18301 | D:12     | Found Huptall's Jewellery Shoppe.
 18313 | D:12     | You are sucked into a shaft and drop 2 floors!
 18629 | D:12     | Noticed Psyche
 18633 | D:12     | Killed Psyche
 18656 | Orc:1    | Entered Level 1 of the Orcish Mines
 19213 | Orc:2    | Entered Level 2 of the Orcish Mines
 19213 | Orc:2    | Noticed an orc warlord
 19268 | Orc:2    | Found a staircase to the Elven Halls.
 19325 | Orc:2    | Found Meruo's Magic Scroll Emporium.
 19362 | Orc:2    | Bought a scroll of magic mapping for 97 gold pieces
 19362 | Orc:2    | Bought a scroll of enchant weapon for 97 gold pieces
 19362 | Orc:2    | Bought a scroll of blinking for 97 gold pieces
 19446 | Orc:2    | Reached skill level 17 in Fighting
 19718 | Orc:2    | Killed an orc warlord
 19719 | Orc:2    | Reached skill level 10 in Armour
 19932 | Orc:2    | Found Kias's Antique Weapon Shoppe.
 20031 | Orc:2    | Noticed an orc warlord
 20061 | Orc:2    | Killed an orc warlord
 20072 | Orc:2    | Reached skill level 1 in Evocations
 20105 | Orc:2    | Found Akhon's Antique Armour Emporium.
 20109 | Orc:2    | Found Aluhae's Antique Weapon Shoppe.
 20678 | D:13     | Found a gate to the Vaults.
 21209 | D:14     | Reached XP level 16. HP: 114/114 MP: 25/25
 21843 | D:14     | Reached skill level 18 in Fighting
 21872 | D:15     | Entered Level 15 of the Dungeon
 21883 | D:15     | Found a staircase to the Depths.
 21902 | D:15     | Identified the +8 tower shield "Eho Ynoi" {rN+}
 21902 | D:15     | Noticed Louise
 21913 | D:15     | Reached skill level 5 in Evocations
 21922 | D:15     | Killed Louise
 22123 | D:15     | Noticed Agnes
 22127 | D:15     | Killed Agnes
 22235 | D:15     | Noticed Rupert
 22247 | D:15     | Killed Rupert
 22470 | D:15     | Noticed Kirke
 22479 | D:15     | Killed Kirke
 22944 | Swamp:1  | Identified the +6 quarterstaff of Wuch {venom, Str+3 Dex+3}
 22994 | Swamp:1  | You are sucked into a shaft and drop 1 floor!
 23192 | Swamp:2  | Reached skill level 19 in Fighting
 23272 | Swamp:1  | Reached skill level 5 in Shields
 23450 | Swamp:1  | Noticed Roxanne
 23468 | Swamp:1  | Killed Roxanne
 24249 | Swamp:3  | Reached XP level 17. HP: 100/122 MP: 26/26
 24725 | Swamp:4  | Entered Level 4 of the Swamp
 24815 | Swamp:4  | Reached skill level 20 in Fighting
 25023 | Swamp:4  | Got a decaying rune of Zot
 25496 | Spider:1 | Entered Level 1 of the Spider Nest
 25706 | Spider:1 | Reached skill level 10 in Shields
 25757 | Spider:1 | Acquired 1016 gold pieces
 27045 | Spider:2 | Reached XP level 18. HP: 130/130 MP: 27/27
 27384 | Spider:2 | Reached skill level 10 in Dodging
 27593 | Spider:2 | Identified the ring "Nudufygh" {Drain rElec rC+ Str+3
                  | Dex+4}
 28000 | Spider:3 | Noticed FoCKShaftsOnD1's ghost (journeyman MeEE)
 28024 | Spider:3 | Found a transporter.
 28025 | Spider:3 | Identified the +0 flail "Hosin" {venom, rPois rC+}
 28030 | Spider:3 | Found a transporter.
 28582 | Spider:3 | Killed FoCKShaftsOnD1's ghost
 28652 | Spider:4 | Entered Level 4 of the Spider Nest
 29418 | Spider:4 | Identified the scarf "Yxtauc Kuclu" {harm, Will+}
 29440 | Spider:4 | Got a gossamer rune of Zot
 29833 | Elf:1    | Entered Level 1 of the Elven Halls
 30104 | Elf:1    | Reached XP level 19. HP: 113/136 MP: 28/28
 30458 | Elf:1    | Found a runed translucent gate.
 30458 | Elf:1    | Found a runed translucent gate.
 30458 | Elf:1    | Found a runed translucent gate.
 30458 | Elf:1    | Found a runed translucent gate.
 30458 | Elf:1    | Found a runed translucent gate.
 30459 | Elf:1    | Found a runed translucent gate.
 30673 | Elf:1    | Found a shimmering blue altar of Sif Muna.
 30729 | Elf:1    | Identified the +0 giant spiked club "Qoitwal" {flame, rC-
                  | rN+++ Int-3 SInv}
 30871 | Elf:1    | Paralysed by an air elemental for 1 turns
 31011 | Elf:2    | Found a runed translucent gate.
 31048 | Elf:2    | Found a runed translucent gate.
 31048 | Elf:2    | Found a runed translucent gate.
 31118 | Elf:2    | Found Hynkim's General Store.
 31139 | Elf:2    | Bought a scroll of magic mapping for 142 gold pieces
 31139 | Elf:2    | Bought a scroll of poison for 76 gold pieces
 31978 | Elf:3    | Entered Level 3 of the Elven Halls
 32196 | Elf:3    | Found Atwack's Antique Armour Boutique.
 32247 | Elf:3    | Bought a warped chain mail for 228 gold pieces
 32247 | Elf:3    | Identified the +7 chain mail of Kleptomania {Will+ Dex+4}
                  | (You bought it in a shop on level 3 of the Elven Halls)
 32277 | Elf:3    | Gained mutation: You are dopey. (Int -2) [mutagenic glow]
 32297 | Elf:3    | Reached XP level 20. HP: 130/141 MP: 29/29
 32558 | Elf:3    | Reached skill level 15 in Armour
 32654 | Elf:3    | Found Yxeat's Antique Armour Emporium.
 32654 | Elf:3    | Found Qeheroa's Weapon Shoppe.
 32673 | Elf:3    | Bought a shiny helmet for 255 gold pieces
 32953 | Elf:3    | Identified the +1 war axe of Hob Xypo {flame, rC+ rN+
                  | Str-4}
 32962 | Elf:3    | Identified the +9 falchion of the Heart {antimagic, rN++}
 32963 | Elf:3    | Noticed a Tzitzimitl
 32981 | Elf:3    | Identified the +7 mace "Geela Veox" {spect, *Noise rF+ MP+9
                  | Str+8}
 33096 | Elf:3    | Identified the +10 broad axe of the Eel {venom, rElec rC+
                  | Will+}
 33305 | Elf:3    | Found the +2 pair of slick slippers {slick, slippery, EV+4}
 33311 | Elf:3    | Identified the staff of poison "Nove" {rPois rC+ rN+ Will+}
 33318 | Elf:3    | Identified the +11 shortbow "Kasozxozxa" {drain, rF+ Will-
                  | Dex+2 Stlth+}
 33653 | Vaults:1 | Entered Level 1 of the Vaults
 34196 | Vaults:1 | Reached skill level 21 in Fighting
 34615 | Vaults:1 | Reached XP level 21. HP: 147/148 MP: 30/30
 35642 | Vaults:2 | Found a crumbling gateway.
 35662 | Desolati | Entered the Desolation of Salt
 36153 | Vaults:2 | Reached skill level 22 in Fighting
 38100 | Vaults:3 | Found a runed translucent gate.
 38100 | Vaults:3 | Found a runed translucent gate.
 38100 | Vaults:3 | Found an ancient bone altar of Kikubaaqudgha.
 38101 | Vaults:3 | Found a runed translucent gate.
 38101 | Vaults:3 | Noticed Vatovie's ghost (veteran MiFi)
 38101 | Vaults:3 | Noticed an ancient lich
 38191 | Vaults:3 | Reached XP level 22. HP: 158/158 MP: 31/31
 38209 | Vaults:3 | Reached skill level 23 in Fighting
 38240 | Vaults:3 | Reached skill level 1 in Axes
 38241 | Vaults:3 | Found a staircase to the Crypt.
 38298 | Abyss:2  | Cast into level 2 of the Abyss (a deep elf sorcerer)
 38315 | Abyss:2  | Reached XP level 23. HP: 149/164 MP: 32/32
 38462 | Abyss:2  | Reached skill level 5 in Axes
 38731 | Abyss:2  | Noticed a dread lich
 38733 | Abyss:2  | Paralysed by accursed screaming for 1 turns
 38739 | Abyss:2  | Paralysed by accursed screaming for 1 turns
 38751 | Abyss:2  | Killed a dread lich
 38838 | Vaults:3 | Escaped the Abyss
 38949 | Vaults:3 | Noticed Donald
 38966 | Vaults:3 | Killed Donald
 39400 | Vaults:3 | Noticed Frederick
 39428 | Vaults:3 | Killed Frederick
 39484 | Vaults:3 | Killed an ancient lich
 39718 | Vaults:3 | Killed Vatovie's ghost
 39719 | Vaults:3 | Reached skill level 10 in Axes
 39723 | Vaults:3 | Identified the +0 cloak of the Bulwark {+Blink}
 39726 | Vaults:3 | Identified the ring "Koudett" {EV+5 SInv}
 39730 | Vaults:3 | Identified the +6 tower shield "Ituibb" {rElec}
 40305 | Vaults:4 | Reached XP level 24. HP: 171/171 MP: 32/32
 40423 | Vaults:4 | Found Cuofoi's Book Emporium.
 40689 | Vaults:4 | Identified the ring "Ungoej" {rPois rN++ Int+2 SInv Stlth-}
 41120 | Vaults:5 | Entered Level 5 of the Vaults
 41169 | Vaults:5 | Noticed a dread lich
 41186 | Vaults:5 | Killed a dread lich
 41344 | Vaults:5 | Identified the +2 whip of Drought {protect, *Noise Drain
                  | rN+++ Dex+7}
 41357 | Vaults:5 | Reached skill level 15 in Axes
 41359 | Vaults:5 | Noticed an ancient lich
 41378 | Vaults:5 | Killed an ancient lich
 41642 | Vaults:5 | Identified the +1 sling of the Golden God {drain, rElec
                  | rF++ Str+3}
 41658 | Vaults:5 | Identified the +3 morningstar of Saltpetre {holy, Drain rF+
                  | rN+ Will+}
 41686 | Vaults:5 | Reached XP level 25. HP: 158/176 MP: 32/32
 41883 | Vaults:5 | Identified the +2 lajatang "Kottutha" {antimagic, Dex+4
                  | Stlth+}
 41933 | Vaults:5 | Noticed an ancient lich
 41949 | Vaults:5 | Killed an ancient lich
 42052 | Vaults:5 | Got a silver rune of Zot
 42134 | Vaults:5 | Identified the +6 trident "Nagodum" {venom, rC- SInv
                  | Stlth+}
 42135 | Vaults:5 | Identified the +0 ice dragon scales of Noscham {Rampage rF-
                  | rC++ Str+6}
 42235 | Vaults:5 | Found Soobitze's Book Shoppe.
 42405 | Vaults:5 | Identified the +6 trident "Opsuesy" {protect, rN++ rCorr
                  | Str-5}
 42406 | Vaults:5 | Identified the +1 ring mail of the Evening {Int+4}
 42586 | Vaults:5 | Identified the +1 pair of gloves of the Spider Nest {rN+
                  | Int+3}
 42659 | Vaults:5 | Identified the staff of earth "Kumoewin" {rElec rPois
                  | Dex+4}
 43464 | Crypt:1  | Entered Level 1 of the Crypt
 44773 | Crypt:2  | Noticed Margery
 44792 | Crypt:2  | Killed Margery
 45252 | Crypt:3  | Entered Level 3 of the Crypt
 45500 | Crypt:3  | Reached XP level 26. HP: 180/184 MP: 32/32
 45505 | Crypt:3  | Reached skill level 24 in Fighting
 45589 | Crypt:3  | Found a staircase to the Tomb.
 45825 | Crypt:3  | Noticed an ancient lich
 45825 | Crypt:3  | Noticed an ancient lich
 45839 | Crypt:3  | Killed an ancient lich
 45844 | Crypt:3  | Killed an ancient lich
 45855 | Crypt:3  | Identified the +8 plate armour of Freezing Fun {Rampage rN+
                  | Will- MP+9}
 45865 | Crypt:3  | Identified the amulet "Jiasisko" {Rampage rElec Will++
                  | Regen+ Dex-4}
 45865 | Crypt:3  | Identified the ring of Bouthu {rN+ Str+5}
 45865 | Crypt:3  | Identified the ring "Vani" {rElec rN+ rCorr}
 46180 | Tomb:1   | Entered Level 1 of the Tomb of the Ancients
 46815 | Tomb:1   | Noticed a royal mummy
 46831 | Tomb:1   | Killed a royal mummy
 47599 | Slime:1  | Entered Level 1 of the Pits of Slime
 47610 | Slime:1  | Gained mutation: You are occasionally teleported next to
                  | monsters. [a shining eye]
 48276 | Slime:2  | Gained mutation: You are frail. (-10% HP) [a shining eye]
 48328 | Slime:2  | Gained mutation: You are very frail. (-20% HP) [a shining
                  | eye]
 48331 | Slime:2  | Gained mutation: Your magical capacity is low. (-10% MP) [a
                  | shining eye]
 48618 | Slime:1  | Lost mutation: You are dopey. (Int -2) [potion of mutation]
 48618 | Slime:1  | Lost mutation: You are very frail. (-20% HP) [potion of
                  | mutation]
 48618 | Slime:1  | Lost mutation: You are frail. (-10% HP) [potion of
                  | mutation]
 48618 | Slime:1  | Lost mutation: Your magical capacity is low. (-10% MP)
                  | [potion of mutation]
 48618 | Slime:1  | Gained mutation: You do not regenerate when monsters are
                  | visible. [potion of mutation]
 48618 | Slime:1  | Gained mutation: You have large cloven feet. [potion of
                  | mutation]
 48619 | Slime:1  | Lost mutation: You do not regenerate when monsters are
                  | visible. [potion of mutation]
 48619 | Slime:1  | Lost mutation: You have large cloven feet. [potion of
                  | mutation]
 48619 | Slime:1  | Lost mutation: You are occasionally teleported next to
                  | monsters. [potion of mutation]
 48619 | Slime:1  | Gained mutation: You expend magic power (3 MP) to
                  | strengthen your wands. [potion of mutation]
 48619 | Slime:1  | Gained mutation: Your mind is acute. (Int +4, Str/Dex -1)
                  | [potion of mutation]
 48884 | Slime:5  | Entered Level 5 of the Pits of Slime
 49161 | Slime:5  | Gained mutation: You have hidden genetic potential. [a
                  | shining eye]
 49380 | Slime:5  | Noticed the Royal Jelly
 49402 | Slime:5  | Killed the Royal Jelly
 49516 | Slime:5  | Reached skill level 15 in Shields
 49533 | Slime:5  | Identified the +6 scimitar of Subjectivity {freeze, rF+}
 49538 | Slime:5  | Found the +2 shield of Resistance {rF++ rC++ Will++}
 49570 | Slime:5  | Got a slimy rune of Zot
 49581 | Slime:5  | Found the ring of the Tortoise {AC+8}
 49603 | Slime:5  | Identified the +1 mace of Armageddon {freeze, rElec rPois
                  | rF-}
 49626 | Slime:5  | Identified the ring of Gaqubira {+Blink rN+ Will+ Int+4}
 49812 | Slime:4  | Reached skill level 25 in Fighting
 50457 | Vaults:4 | Identified a +4 broad axe of holy wrath (a +2 heavy broad
                  | axe blessed by the Shining One)
 50457 | Vaults:4 | Received a gift from the Shining One
 50799 | Tomb:2   | Noticed a royal mummy
 50800 | Tomb:2   | Noticed a royal mummy
 50801 | Tomb:2   | Noticed a royal mummy
 50803 | Tomb:2   | Noticed a royal mummy
 50804 | Tomb:2   | Noticed a royal mummy
 50812 | Tomb:2   | Killed a royal mummy
 50813 | Tomb:2   | Killed a royal mummy
 50819 | Tomb:2   | Reached XP level 27. HP: 77/193 MP: 23/32
 50834 | Tomb:2   | Gained mutation: Your magical capacity is low. (-10% MP)
                  | [mutagenic glow]
 50852 | Tomb:2   | Gained mutation: Your body sometimes deteriorates upon
                  | taking damage. [mutagenic glow]
 50870 | Tomb:2   | Gained mutation: Armour fits poorly on your strangely
                  | shaped body. [mutagenic glow]
 50879 | Tomb:2   | Gained mutation: Your magical capacity is very low. (-20%
                  | MP) [mutagenic glow]
 50912 | Tomb:2   | Lost mutation: Your magical capacity is very low. (-20% MP)
                  | [potion of mutation]
 50912 | Tomb:2   | Lost mutation: Your body sometimes deteriorates upon taking
                  | damage. [potion of mutation]
 50912 | Tomb:2   | Gained mutation: Your mind is very acute. (Int +8, Str/Dex
                  | -2) [potion of mutation]
 50995 | Tomb:3   | Entered Level 3 of the Tomb of the Ancients
 51093 | Tomb:3   | Noticed a royal mummy
 51099 | Tomb:3   | Noticed a royal mummy
 51106 | Tomb:3   | Noticed a royal mummy
 51114 | Tomb:3   | Killed a royal mummy
 51128 | Tomb:3   | Killed a royal mummy
 51238 | Tomb:3   | Noticed a royal mummy
 51241 | Tomb:3   | Noticed a royal mummy
 51348 | Tomb:3   | Killed a royal mummy
 51352 | Tomb:3   | Killed a royal mummy
 51352 | Tomb:3   | Lost dexterity.
 51353 | Tomb:3   | Reached skill level 10 in Evocations
 51355 | Tomb:3   | Noticed a royal mummy
 51377 | Tomb:3   | HP: 9/195 [death scarab (16)]
 51379 | Tomb:3   | Mangled by a death scarab

Illustrated notes

Levels and vault maps discovered:
D:1:      enne_arrival_octagon_isle, layout_basic, chequers_jeans,
          dreamdust_princess_bridge, kennysheep_nondescript, minmay_pentomino_t2
D:2:      layout_basic, grunt_ministairs_15, minmay_misc_feat_square
D:3:      layout_loops_ring, mainiacjoe_overflow_24_doors,
          lightli_sewer_entry_pipes, serial_shops, shop, minmay_liquid_box,
          uniq_terence
D:4:      layout_basic, mainiacjoe_overflow_catwalk, skrybe_limestone_x,
          uniq_grinder
D:5:      layout_rooms, temple_fountains, uniq_blork_the_orc
D:6:      layout_cave_pools, minmay_ogre_servants
D:7:      statuecave_lemuel, layout_cave_pools, nicolae_nh_oracle_at_delphi,
          uniq_pikel
D:8:      layout_rooms, amcnicky_altar_gilded, uniq_joseph
D:9:      layout_roguey
D:10:     minmay_tri_box, layout_rooms, lemuel_mausoleum_altar_yredelemnul,
          david_lair_generic, nicolae_diode_quadrants
D:11:     minmay_the_grid_four_pointed_star
          [minmay_the_grid_triangle_9x9_swiss_cheese,
          minmay_the_grid_triangle_9x9_warning,
          minmay_the_grid_triangle_9x9_wacky_v,
          minmay_the_grid_triangle_9x9_corruption,
          minmay_the_grid_prize_diamond_cup], layout_basic,
          portal_ice_cave_entry_pillars_1, minmay_statues_item, minivault_15,
          trog_antimagical
D:12:     layout_roguey, zombieorc1_lemuel, serial_shops, nicolae_square_shop,
          uniq_psyche
D:13:     layout_loops_ring, david_vaults_2, kennysheep_donut,
          lemuel_freeze_loot_1
D:14:     layout_gridville, chequers_serial_rivers_room_a, kennysheep_two_boxes
D:15:     gammafunk_depths_entry_grave, layout_irregular_city,
          minmay_misc_feat_tiny, uniq_louise, uniq_agnes, uniq_kirke,
          uniq_rupert
Temple:   nicolae_temple_two_arcs
Lair:1:   layout_cellular_growth, gauntlet_entry_generic,
          amcnicky_mini_pool_medium
Lair:2:   layout_regular_city, nicolae_swamp_entry_splash_gauntlet,
          grunt_forest_large_clearings, infiniplex_staircase_pool
Lair:3:   layout_small_grid, spider_nest_entry_rubble,
          nicolae_lair_grove_arrangements, grunt_megastairs_5, uniq_gastronok
Lair:4:   layout_gridlike
Lair:5:   evilmike_catoblepas_cave, layout_loops_ring, slime_entry_1,
          maelrawn_ghost_gauntlet_escape, chequers_serial_rivers_large_a,
          chequers_serial_rivers_small_b, st_stairs_6, minivault_27, uniq_urug
Swamp:1:  layout_falls_marsh, hangedman_swamp_ruin_wall, swamp_pool3,
          uniq_roxanne
Swamp:2:  layout_basic_swamp, evilmike_swamp_ruin_rubble_1, swamp_pool1,
          nicolae_swamp_oxbows
Swamp:3:  layout_basic_swamp, nicolae_swamp_treefoil
Swamp:4:  swamp_alternative, layout_basic_swamp, swamp_pool3,
          infiniplex_staircase_pool_2
Spider:1: layout_chambers, nicolae_spider_rock_and_or_roll
Spider:2: layout_spider_delve, nicolae_spider_bug_shape
Spider:3: layout_spider_delve, gammafunk_ghost_mausoleum, drop_trap
Spider:4: spider_rune_water
Slime:1:  layout_caves
Slime:2:  layout_caves, cheibrodos_slime_lost_civilization_5
Slime:3:  layout_caves
Slime:4:  layout_caves
Slime:5
Orc:1:    layout_caves, minmay_orc_keep
Orc:2:    grunt_orc_community_town_hall, layout_diamond_mine,
          grunt_orc_community_big_house_1, grunt_orc_community_big_house_1,
          grunt_orc_community_house_3, grunt_orc_community_house_2,
          grunt_orc_community_house_3, grunt_orc_community_house_2,
          grunt_orc_community_house_3, grunt_orc_community_house_3
Elf:1:    layout_loops_corners, orc_legates, hangedman_summoners_spam
Elf:2:    elven_hall_of_blades_hangedman_original
          [nicolae_blade_entry_sentries_behind_glass], layout_rooms,
          serial_shops, nicolae_shop_hallway_plus
Elf:3:    minmay_elf_hall_x, layout_gridlike, serial_shops, shop,
          roderic_lattice_octagonal_star, minmay_shoptagon
Vaults:1: v_rooms_4, nicolae_vaults_more_shelving_2, nicolae_vaults_swerve,
          nicolae_vaults_network_square, vaults_standard_mumra_lines,
          grunt_vaults_twisty, nicolae_vaults_doubleplus_tesselated,
          nicolae_vaults_tetromino_T_1, nicolae_vaults_house_1,
          st_smaller_cells, vaults_dpeg_emergency_exit,
          nicolae_vaults_diamond_1, layout_vaults_omnicross
Vaults:2: portal_desolation_entry_twin_temple, hangedman_vaults_hat,
          nicolae_vaults_network_barrier, v_misc_29, nicolae_vaults_trapezoid_3,
          v_misc_17, layout_vaults_chaotic_city
Vaults:3: gammafunk_ghost_crypt, minmay_crypt_entry_skeletal_spiral, v_misc_27,
          v_misc_27, nicolae_vaults_corridor_and_loot_room,
          grunt_vaults_hallway_short, ontoclasm_vaults_idyll,
          grunt_vaults_hallway_long, hangedman_vaults_nodes,
          nicolae_vaults_six-pack, nicolae_vaults_wine_cellar,
          nicolae_vaults_apartment_2, nicolae_vaults_more_shelving_1,
          nicolae_vaults_apartment_1, layout_vaults_maze_snakey, uniq_frederick,
          uniq_donald
Vaults:4: nicolae_vaults_tangram_1, hangedman_vaults_locks, v_misc_26,
          nicolae_vaults_border_crossing, ontoclasm_vaults_ring_small,
          dpeg_vaults_waves, vaults_room_fours, nicolae_vaults_hallways_thing,
          vaults_room_hallway, layout_vaults_omnigrid, serial_shops, shop
Vaults:5
Crypt:1:  dreamdust_cat_pyramid, layout_regular_city, minmay_misc_feat_hallway,
          lemuel_upstairs_altar
Crypt:2:  layout_regular_city, skrybe_necro_troll_2, uniq_margery
Crypt:3:  david_glass_crypt, layout_misc_corridors, tomb_entry_simple_bobbens
Tomb:1
Tomb:2
Tomb:3

Skill      XL: |  1  2  3  4  5  6  7  8  9 10 11 12 13 14 15 16 17 18 19 20 21 22 23 24 25 26 27 |
---------------+----------------------------------------------------------------------------------+-----
Fighting       | 4 5 6 7 9 10 13 15 17 19 20 21 22 23 25 | 25.7
Maces & Flails | 3 4 5 6 8 10 11 13 15 17 19 20 | 20.1
Invocations    | 4 8 10 12 | 12.2
Dodging        | 3 7 9 11 | 11.1
Armour         | 6 9 10 11 14 17 19 20 | 20.0
Evocations     | 3 7 8 10 | 10.1
Shields        | 6 10 12 15 | 15.0
Axes           | 4 11 16 18 19 20 | 20.1

Action                     |  1- 3 |  4- 6 |  7- 9 | 10-12 | 13-15 | 16-18 | 19-21 | 22-24 | 25-27 || total
---------------------------+-------+-------+-------+-------+-------+-------+-------+-------+-------++-------
  Melee: Flail             |   131 |   276 |   202 |   399 |   861 |  1035 |   496 |       |       ||  3400
         Mace              |       |       |       |       |       |       |   403 |       |       ||   403
         Morningstar       |       |       |       |       |       |       |   390 |       |       ||   390
         Broad axe         |       |       |       |       |       |       |   190 |   830 |  1319 ||  2339
  Throw: Dart              |       |       |       |     5 |     7 |     4 |       |       |       ||    16
         Throwing net      |       |       |       |       |       |     1 |     1 |       |       ||     2
 Invoke: Cleansing Flame   |       |       |       |       |     4 |     4 |     3 |     7 |    20 ||    38
         Summon Divine War |       |       |       |       |     1 |     4 |     1 |     3 |     1 ||    10
         Brand Weapon With |       |       |       |       |       |       |       |       |     1 ||     1
  Evoke: Wand              |       |       |    10 |     4 |    19 |    10 |    23 |    12 |    34 ||   112
         Lightning rod     |       |       |       |       |     1 |       |       |       |       ||     1
    Use: Scroll            |     6 |     7 |     4 |    11 |    15 |     6 |     8 |     4 |    20 ||    81
         Potion            |       |     2 |     3 |     4 |     7 |     2 |     1 |     2 |     8 ||    29
 Armour: Scale mail        |    71 |   116 |    66 |    21 |       |       |       |       |       ||   274
         Chain mail        |       |       |       |    53 |   274 |   477 |   131 |       |       ||   935
         Skin              |       |       |       |     1 |       |       |       |       |       ||     1
         Crystal plate arm |       |       |       |       |       |       |   502 |   518 |   896 ||  1916
  Dodge: Dodged            |    57 |   167 |   109 |   127 |   431 |   920 |   910 |   561 |   637 ||  3919
         Repelled          |       |       |       |       |       |       |    23 |    14 |    34 ||    71
  Block: Buckler           |    14 |    91 |     5 |       |       |       |       |       |       ||   110
         Kite shield       |       |       |    69 |   157 |   311 |   550 |   629 |   480 |    21 ||  2217
         Reflection        |       |       |       |    10 |     6 |       |       |       |       ||    16
         Tower shield      |       |       |       |       |       |       |       |       |  1499 ||  1499
